 Dungeon Crawl Stone Soup version 0.28-a0-793-g31680bbd8b (webtiles) character file.

Game seed: 8011678408449457645

2 kae the Caller (level 1, -1/9 HPs)
             Began as a Vine Stalker Summoner on Nov 4, 2021.
             Slain by a frilled lizard (2 damage)
             ... on level 1 of the Dungeon.
             The game lasted 00:00:08 (70 turns).

kae the Caller (Vine Stalker Summoner)                Turns: 70, Time: 00:00:09

Health: -1/9       AC:  2    Str: 10    XL:     1   Next: 40%
Magic:  0/4        EV: 12    Int: 15    God:
Gold:   0          SH:  0    Dex: 14    Spells: 3/4 levels left

rFire   . . .      SeeInvis .   (no weapon)
rCold   . . .      Faith    .   (no shield)
rNeg    . . .      Spirit   +   a - +0 robe
rPois   .          Reflect  .   (no helmet)
rElec   .          Harm     .   (no cloak)
rCorr   .          Rampage  .   (no gloves)
Will    .....                   (no boots)
Stlth   ++........              (no amulet)
HPRegen 0.03/turn               (no ring)
MPRegen 0.09/turn               (no ring)

@: no status effects
A: fangs 2, magic shield, antimagic bite, no potion heal 2
a: no special abilities


You were on level 1 of the Dungeon.
You visited 1 branch of the dungeon, and saw 1 of its levels.

Inventory:

Armour
 a - a +0 robe (worn)


   Skills:
 + Level 0.1 Fighting
 - Level 1.5 Dodging
 - Level 2.4 Stealth
 + Level 2.2 Spellcasting
 * Level 4.0 Summonings


You had 3 spell levels left.
You knew the following spells:

 Your Spells              Type           Power      Damage    Failure   Level
a - Summon Small Mammal   Summ           52%        N/A       4%          1

Your spell library contained the following spells:

 Spells                   Type           Power      Damage    Failure   Level
 Call Imp                 Summ           13%        N/A       6%          2
 Call Canine Familiar     Summ           13%        N/A       12%         3
 Summon Guardian Golem    Hex/Summ       7%         N/A       28%         3
 Summon Lightning Spire   Summ/Air       7%         N/A       67%         4


Dungeon Overview and Level Annotations

Branches:
Dungeon (1/15)

Altars:


Innate Abilities, Weirdness & Mutations

You have extremely sharp teeth.
When hurt, damage is shared between your health and your magic reserves.
Your bite disrupts and absorbs the magic of your enemies.
Potions cannot restore your health.


Message History

The endoplasm hits you.
You barely miss the frilled lizard. Your bite misses the frilled lizard.
Your bat hits the endoplasm but does no damage.
The frilled lizard bites you but does no damage.
Your bat hits the frilled lizard. The frilled lizard misses you.
The endoplasm barely misses you.
Casting: Summon Small Mammal (safe; 4% risk of failure)
Confirm with . or Enter, or press ? or * to list all spells.
You don't know that spell.
Casting: Summon Small Mammal (safe; 4% risk of failure)
Confirm with . or Enter, or press ? or * to list all spells.
Your bat hits the endoplasm.
The frilled lizard bites you but does no damage. x2
The endoplasm misses you.
Your bat hits the endoplasm but does no damage.
The frilled lizard bites you.
The frilled lizard bites you but does no damage.
The endoplasm freezes you.
You are frozen.
* * * LOW HITPOINT WARNING * * *
You are too injured to fight recklessly!
You are too injured to fight recklessly!
Your bat hits the endoplasm.
Your rat bites the endoplasm.
Your bat hits the endoplasm.
Your rat bites the endoplasm but does no damage.
The frilled lizard bites you.
* * * LOW HITPOINT WARNING * * *
Your bat hits the endoplasm.
Your rat bites the endoplasm.
You aren't carrying any potions.
You closely miss the frilled lizard. Your bat hits the endoplasm.
The frilled lizard completely misses you.
You closely miss the frilled lizard.
Your bat hits the endoplasm but does no damage.
Your rat bites the endoplasm but does no damage.
The frilled lizard barely misses you.
You closely miss the frilled lizard. Your bite misses the frilled lizard.
Your bat hits the endoplasm.
The endoplasm dies!
The frilled lizard bites you.
You die...

###### #..... #...!. #.....
##### #..... #...# #.....
#...#
##.....#######...##########
.....b.rJl@..............>#
.......#l####.........#####
......?#.# #.............#
.......#.# #.........[#..#
?..#####.# #.............#
.. #.# #.........##..# .
#.# #.........##..# #.#
#......)......#
#.........###..


You could see an endoplasm (ally target), 2 frilled lizards, a friendly bat
(summoned) and a friendly rat (summoned).

Vanquished Creatures
  An endoplasm (D:1)
  A bat (D:1)
  A kobold (D:1)
3 creatures vanquished.

Vanquished Creatures (collateral kills)
  An endoplasm (D:1)
1 creature vanquished.

Grand Total: 4 creatures vanquished

Notes
Turn   | Place    | Note
-------+----------+-------------------------------------------
     0 | D:1      | kae the Vine Stalker Summoner began the quest for the Orb.
     0 | D:1      | Reached XP level 1. HP: 9/9 MP: 4/4
    70 | D:1      | Slain by a frilled lizard

Illustrated notes

Levels and vault maps discovered:
D:1:      psy_arrival_basics, layout_basic,
          chequers_ecumenical_altar_simple_redux

Action                   || total
-------------------------++-------
Melee: Unarmed           ||    17
       Bite              ||     4
 Cast: Summon Small Mamm ||     4
Armor: Robe              ||    15
Dodge: Dodged            ||    18

Table legend: (Time is in decaauts)
 A = Elapsed time spent in this place.
 B = Non-inter-level travel time spent in this place.
 C = Inter-level travel time spent in this place.
 D = Time resting spent in this place.
 E = Time spent auto-exploring this place.
 F = Levels seen in this place.
 G = Mean time per level.
                   A        B        C        D        E       F      G
               +--------+--------+--------+--------+--------+-----+--------+
         Total |     70 |     70 |      0 |      0 |     27 |   1 |   70.0 |
       Dungeon |     70 |     70 |      0 |      0 |     27 |   1 |   70.0 |
               +--------+--------+--------+--------+--------+-----+--------+

Top non-repeatable levels by time:
     D:1: 70 daAuts
